Map: Orbital Shipyard

Players

Nerchio - Winner!

  • Race: Zerg Zerg
  • League: Grandmaster

FireCake

  • Race: Zerg Zerg

Event: DreamHack ROCCAT LotV Championship

VOD

Have the link to the VOD?

Description

Time

  • Played on: Nov. 27, 2015, 12:41 p.m.
  • Length: 7:40

All games in this series

Show
View Real Time Build Order
Export as new Build Order

Nerchio Zerg - Winner!

Build Orders: Hatch First 

Get SALT Encoding   

  12  0:00  Drone  
  13  0:12  Overlord  
  13  0:17  Drone  
  14  0:30  Drone x2  
  14  0:34  Drone  
  17  0:51  Hatchery  
  17  0:54  Drone  
  17  0:58  Drone  
  17  1:02  Extractor  
  17  1:14  Spawning Pool  
  17  1:17  Drone  
  17  1:20  Drone  
  18  1:28  Drone  
  19  1:38  Overlord  
  19  2:00  Zergling x4, Queen  
  23  2:02  Metabolic Boost  
  23  2:05  Queen  
  25  2:09  Zergling x2  
  25  2:12  Drone  
  27  2:15  Drone  
  27  2:21  Drone  
  29  2:25  Drone  
  30  2:34  Drone  
  30  2:36  Queen  
  33  2:37  Drone  
  33  2:43  Overlord  
  34  2:47  Drone  
  35  2:54  Drone  
  36  3:05  Zergling x4  
  38  3:09  Zergling x4  
  39  3:14  Zergling x6  
  39  3:16  Overlord  
  42  3:20  Roach Warren  
  42  3:24  Zergling x4  
  42  3:26  Overlord  
  43  3:31  Overlord  
  43  3:33  Overlord  
  43  3:38  Drone  
  43  3:44  Drone  
  43  3:46  Drone  
  43  3:47  Drone x2  
  47  3:49  Drone  
  47  3:50  Drone  
  47  3:53  Drone  
  50  4:01  Roach x2  
  50  4:02  Roach  
  56  4:16  Roach  
  58  4:17  Hatchery  
  58  4:19  Roach  
  59  4:25  Drone x3  
  59  4:26  Drone  
  59  4:28  Drone  
  59  4:30  Drone  
  65  4:33  Drone x2  
  65  4:35  Extractor  
  66  4:39  Evolution Chamber  
  66  4:43  Drone x2  
  67  4:50  Overlord  
  67  4:59  Roach x3  
  75  5:00  Roach x2  
  75  5:02  Overlord  
  75  5:04  Overlord  
  75  5:06  Overlord  
  75  5:11  Roach  
  77  5:17  Roach  
  77  5:20  Zerg Missile Weapons Level 1  
  77  5:21  Lair, Extractor  
  77  5:28  Zergling x4  
  77  5:35  Roach x2  
  78  5:39  Drone x2  
  79  5:45  Roach x3  
  85  5:54  Drone  
  85  5:55  Drone x3  
  85  5:56  Extractor  
  88  5:57  Roach  
  88  5:58  Roach x2  
  88  6:02  Roach  
  96  6:15  Drone x7  
  96  6:16  Drone x2  
  105  6:21  Pneumatized Carapace  
  105  6:24  Overlord  
  105  6:32  Zergling x8  
  109  6:33  Zergling x2  
  109  6:34  Zergling x2  
  109  6:35  Zergling x2  
  112  6:40  Zergling x2  
  112  6:41  Zergling x2  
  112  6:46  Overlord x2  
  114  6:52  Overlord x2  
  114  7:04  Overseer  
  111  7:14  Roach x12  
  127  7:16  Roach x3  
Show
View Real Time Build Order
Export as new Build Order

FireCake Zerg 

Build Orders: Hatch First 

Get SALT Encoding   

  12  0:00  Drone  
  13  0:08  Drone  
  14  0:17  Overlord  
  14  0:22  Extractor  
  14  0:23  Drone  
  15  0:35  Drone x2  
  17  0:51  Hatchery  
  17  0:54  Drone  
  17  0:57  Drone  
  18  1:08  Extractor  
  17  1:12  Spawning Pool  
  17  1:15  Drone  
  17  1:18  Drone  
  18  1:26  Drone  
  19  1:37  Overlord  
  19  1:48  Drone  
  20  1:58  Drone  
  20  1:59  Queen  
  23  2:03  Drone, Queen  
  26  2:09  Metabolic Boost, Drone  
  26  2:15  Drone  
  28  2:24  Drone  
  28  2:26  Drone  
  28  2:29  Baneling Nest  
  29  2:34  Zergling x2  
  29  2:36  Drone  
  31  2:41  Zergling x2  
  32  2:46  Hatchery  
  32  2:47  Zergling x2  
  32  2:53  Overlord  
  32  3:00  Zergling x2  
  32  3:04  Queen  
  34  3:17  Zergling x4  
  35  3:22  Zergling x2  
  35  3:23  Zergling x10  
  41  3:33  Zergling x4  
  43  3:34  Baneling x4  
  43  3:36  Zergling x2  
  44  3:42  Baneling  
  44  3:46  Overlord x2  
  44  4:03  Drone x6  
  44  4:07  Extractor  
  48  4:12  Drone x5  
  53  4:17  Drone  
  53  4:18  Drone  
  55  4:25  Overlord  
  55  4:28  Roach Warren  
  54  4:34  Drone x3  
  57  4:41  Overlord  
  57  4:42  Overlord  
  51  5:08  Roach x10  
  70  5:18  Drone  
  70  5:19  Drone x3  
  68  5:27  Drone  
  63  5:31  Queen  
  63  5:35  Hatchery  
  60  5:37  Drone  
  60  5:38  Drone x3  
  60  5:42  Evolution Chamber  
  63  5:48  Drone  
  63  5:49  Drone x3  
  67  5:53  Extractor  
  66  6:01  Drone x2  
  66  6:02  Drone  
  69  6:06  Ravager x3  
  72  6:12  Drone x5  
  72  6:15  Extractor  
  76  6:22  Overlord  
  76  6:23  Overlord  
  76  6:28  Queen  
  78  6:33  Spine Crawler  
  78  6:36  Roach x2  
  81  6:43  Roach x6  
  93  6:48  Roach x2  
  93  6:49  Roach  
  99  6:55  Roach  
  100  7:09  Zergling x2  
  100  7:14  Roach x4  
  86  7:19  Roach  
  86  7:20  Roach x5  

Tags
 
Add a new tag
Caveats
  • Supply blocks, unpowered buildings, or Contaminate may cause inaccurate times.
  • Supply counts are checked every 10 seconds.